 Dungeon Crawl Stone Soup version 0.27.1-33-g824d729ab1 (webtiles) character file.

Game seed: 15143459757043661099

402171 manyhoops the Scorcher (level 21, 0/174 HPs)
             Began as a Demigod Fire Elementalist on Nov 29, 2021.
             Killed from afar by a tengu reaver (21 damage)
             ... with a bolt of acid
             ... on level 2 of the Depths on Dec 1, 2021.
             The game lasted 03:15:21 (72314 turns).

manyhoops the Scorcher (Demigod Fire Elementalist) Turns: 72314, Time: 03:15:21

Health: 0/174      AC: 14    Str:  8    XL:     21   Next: 36%
Magic:  6/53       EV: 18    Int: 54    God:
Gold:   4717       SH:  6    Dex: 20    Spells: 4/47 levels left

rFire    + + .     SeeInvis +   H - +11 dagger "Ultimatum" {venom, rF++ Will+++ rCorr Int-2}
rCold    . . .     Faith    .   E - +0 buckler
rNeg     + + .     Spirit   .   g - +4 robe of Augmentation {Str+4 Int+4 Dex+4}
rPois    +         Reflect  .   Z - +2 helmet {Int+3}
rElec    .         Harm     .   Y - +2 cloak of the Thief {*Fog Slay-2 SInv Stlth+}
rCorr    +         Rampage  .   r - +2 pair of gloves
Will     +++++                  f - +0 pair of boots
Stlth    +++++++...             k - amulet of the acrobat
HPRegen  0.39/turn              W - ring "Xaimuuk" {rPois rN++ Str-5 Int+4 Dex+2}
MPRegen  0.33/turn              w - ring of magical power

@: lethally poisoned (0 -> -6), corroded
A: high mp 1, forlorn
}: 2/15 runes: decaying, gossamer
a: no special abilities


You were on level 2 of the Depths.
You visited 8 branches of the dungeon, and saw 38 of its levels.
You also visited: Sewer and Bailey.

You collected 5976 gold pieces.
You spent 1259 gold pieces at shops.

Inventory:

Hand Weapons
 B - the +6 flail of Xoske Giog {vorpal, Will+ MP+9}
   (You found it on level 3 of the Spider Nest)

   It inflicts extra damage upon your enemies.
   MP:        It affects your magic capacity (+9).
   Will:      It increases your willpower.
 H - the +11 dagger "Ultimatum" (weapon) {venom, rF++ Will+++ rCorr Int-2}
   (You found it on level 7 of the Dungeon)

   It poisons the flesh of those it strikes.
   Int:       It affects your intelligence (-2).
   rF:        It greatly protects you from fire.
   rCorr:     It protects you from acid and corrosion.
   Will:      It greatly increases your willpower.
Missiles
 x - 7 throwing nets (quivered)
Armour
 f - a +0 pair of boots (worn)
 g - the +4 robe of Augmentation (worn) {Str+4 Int+4 Dex+4}
   (You found it on level 7 of the Dungeon)

   Str:       It affects your strength (+4).
   Int:       It affects your intelligence (+4).
   Dex:       It affects your dexterity (+4).
 r - a +2 pair of gloves (worn)
 C - +0 ice dragon scales
 E - a +0 buckler (worn)
 X - a +0 robe of fire resistance
 Y - the +2 cloak of the Thief (worn) {*Fog Slay-2 SInv Stlth+}
   (You acquired it on level 1 of the Orcish Mines)

   It may release a thick cloud of smoke when the wearer is hurt.
   Slay:      It affects your accuracy & damage with ranged weapons and melee
   (-2).
   SInv:      It lets you see invisible.
   Stlth:     It makes you more stealthy.
 Z - a +2 helmet of intelligence (worn)
Magical Staves
 T - a staff of earth
Jewellery
 i - an amulet of the Raven {Spirit Will++ Int+4 Slay+3}
   (You found it in a bailey)

   [amulet of guardian spirit]

   It causes incoming damage to be divided between your reserves of health and
   magic.
   Int:       It affects your intelligence (+4).
   Slay:      It affects your accuracy & damage with ranged weapons and melee
   (+3).
   Will:      It greatly increases your willpower.
 k - an amulet of the acrobat (around neck)
 l - a ring of see invisible
 w - a ring of magical power (right hand)
 y - a ring of wizardry
 J - a ring of flight
 U - a ring of ice
 W - the ring "Xaimuuk" (left hand) {rPois rN++ Str-5 Int+4 Dex+2}
   (You acquired it in a bailey)

   [ring of poison resistance]

   Str:       It affects your strength (-5).
   Int:       It affects your intelligence (+4).
   Dex:       It affects your dexterity (+2).
   rPois:     It protects you from poison.
   rN:        It greatly protects you from negative energy.
Wands
 j - a wand of flame (74)
 m - a wand of iceblast (53)
 p - a wand of acid (7)
 s - a wand of digging (12)
 L - a wand of paralysis (12)
Scrolls
 a - 2 scrolls of silence
 c - 5 scrolls of amnesia
 d - a scroll of summoning
 e - 5 scrolls of immolation
 o - 8 scrolls of torment
 q - 7 scrolls of teleportation
 v - 20 scrolls of identify
 D - 6 scrolls of fog
 F - 5 scrolls of fear
 G - 5 scrolls of vulnerability
 K - 2 scrolls of blinking
 S - 7 scrolls of noise
Potions
 b - 9 potions of curing
 h - a potion of cancellation
 n - 5 potions of flight
 t - 3 potions of heal wounds
 u - 4 potions of haste
 z - 6 potions of attraction
 A - 3 potions of magic
 I - 5 potions of might
 N - 3 potions of brilliance
 O - 6 potions of ambrosia
 P - a potion of resistance
 Q - 2 potions of berserk rage
 R - a potion of invisibility
Miscellaneous
 V - a condenser vane


   Skills:
 - Level 12.0 Fighting
 - Level 4.0 Short Blades
 + Level 9.2 Armour
 - Level 8.6 Dodging
 - Level 13.1 Stealth
 - Level 4.0 Shields
 - Level 13.5 Spellcasting
 - Level 17.7 Conjurations
 - Level 18.3 Fire Magic
 - Level 2.0 Earth Magic


You had 4 spell levels left.
You knew the following spells:

 Your Spells              Type           Power      Damage    Failure   Level
a - Foxfire               Conj/Fire      100%       2x1d9     0%          1
b - Sticky Flame          Conj/Fire      100%       2d11      0%          4
c - Conjure Flame         Conj/Fire      100%       6-21      0%          3
d - Fireball              Conj/Fire      62%        3d24      0%          5
e - Bolt of Magma         Conj/Fire/Erth 54%        4d22      1%          5
f - Inner Flame           Hex/Fire       94%        N/A       1%          3
g - Mephitic Cloud        Conj/Pois/Air  79%        N/A       1%          3
h - Starburst             Conj/Fire      62%        6d16      1%          6
i - Passwall              Tmut/Erth      39%        N/A       1%          2
j - Apportation           Tloc           72%        N/A       1%          1
k - Irradiate             Conj/Tmut      46%        3d28      1%          5
l - Swiftness             Air            36%        N/A       1%          3
m - Blink                 Tloc           N/A        N/A       1%          2

Your spell library contained the following spells:

 Spells                   Type           Power      Damage    Failure   Level
 Magic Dart               Conj           100%       1d8       0%          1
 Shock                    Conj/Air       100%       1d9       0%          1
 Animate Skeleton         Necr           72%        N/A       1%          1
 Corona                   Hex            40%        N/A       1%          1
 Freeze                   Ice            100%       1d11      1%          1
 Pain                     Necr           100%       1d9       1%          1
 Sandblast                Erth           100%       2d20      1%          1
 Summon Small Mammal      Summ           100%       N/A       1%          1
 Call Imp                 Summ           36%        N/A       1%          2
 Sublimation of Blood     Necr           18%        N/A       1%          2
 Dazzling Flash           Conj/Hex       100%       N/A       1%          3
 Frozen Ramparts          Ice            72%        1d9       1%          3
 Ignite Poison            Fire/Tmut/Pois 80%        N/A       1%          3
 Lesser Beckoning         Tloc           18%        N/A       1%          3
 Stone Arrow              Conj/Erth      100%       3d13      1%          3
 Vampiric Draining        Necr           18%        2d8       1%          3
 Hailstorm                Conj/Ice       93%        3d18      1%          4
 Iskenderun's Mystic Bla  Conj/Tloc      93%        2d18      1%          4
 Petrify                  Tmut/Erth      47%        N/A       3%          4
 Airstrike                Air            18%        N/A       4%          4
 Cause Fear               Hex            18%        N/A       4%          4
 Summon Lightning Spire   Summ/Air       36%        N/A       4%          4
 Lee's Rapid Deconstruct  Erth           28%        3d16*     5%          5
 Agony                    Necr           36%        N/A       13%         5
 Blade Hands              Tmut           18%        N/A       13%         5
 Manifold Assault         Tloc           36%        N/A       13%         5
 Silence                  Hex/Air        18%        N/A       13%         5
 Summon Forest            Summ/Tloc      18%        N/A       13%         5
 Summon Mana Viper        Hex/Summ       36%        N/A       13%         5
 Dispersal                Tloc           18%        N/A       58%         6
 Shadow Creatures         Summ           N/A        N/A       58%         6
 Dragon Form              Tmut           18%        N/A       99%         7
 Storm Form               Tmut/Air       18%        N/A       99%         7
 Disjunction              Tloc           18%        N/A       100%        8
 Maxwell's Capacitive Co  Air            18%        ∞         100%        8
 Dragon's Call            Summ           18%        N/A       100%        9
 Shatter                  Erth           28%        3d23*     100%        9


Dungeon Overview and Level Annotations

Branches:
Dungeon (15/15)            Temple (0/1) D:7            Lair (5/6) D:11
  Swamp (4/4) Lair:2       Spider (4/4) Lair:2        Slime (0/5) Lair:5
    Orc (2/2) D:11            Elf (0/3) Orc:2        Vaults (5/5) D:14
  Crypt (1/3) Vaults:3     Depths (2/5) D:15          Sewer (visited)
 Bailey (visited)

Shops:
D:1 [   D:3 (   D:13 (   D:15 (   Orc:1 ?   Orc:2 [[!*

Portals:
Hell: Depths:1
Abyss: Depths:1
Trove: Vaults:1 (give 17 potions of curing)

Annotations:
D:10 exclusion: orange crystal statue
Lair:3 Snorg
Vaults:2 Xtahua
Vaults:3 3 runed translucent doors, SlowGraham's ghost, legendary KoMo


Innate Abilities, Weirdness & Mutations

Your attributes grow dramatically as you level up.
You have an increased reservoir of magic. (+10% MP)
You shall have no god before yourself.


Message History

You resist.
You closely miss the tengu reaver.
The tengu reaver is almost dead.
You feel very sick.
You barely miss the tengu reaver.
The tengu reaver is almost dead.
You feel very sick.
The tengu reaver hits you with a +2 vorpal battleaxe!
The tengu reaver barely misses you. The tengu reaver claws you.
You hit the tengu reaver but do no damage.
The tengu reaver looks as sick as possible!
The tengu reaver is almost dead.
You feel very sick.
The tengu reaver gestures at you while chanting.
The bolt of cold hits you!!!
* * * LOW HITPOINT WARNING * * *
With a swish of your cloak, you release a cloud of fog.
The bolt of cold misses you.
Casting: Sticky Flame (safe; 0% risk of failure)
Confirm with . or Enter, or press ? or * to list all spells.
Aiming: Bolt of Magma (safe; 1% risk of failure)
Press: ? - help, Shift-Dir - straight line, f/p - tengu reaver
Aim: a tengu reaver, wielding a +2 vorpal battleaxe and wearing the +7 leather armour of Umoepsask {Regen+ rCorr Str-5 Dex+4} (black smoke, almost dead, extremely poisoned, 54% to hit)
The bolt of magma misses the tengu reaver.
You feel very sick.
The tengu reaver hits you with a +2 vorpal battleaxe!
* * * LOW HITPOINT WARNING * * *
x2 The tengu reaver pecks you!
* * * LOW HITPOINT WARNING * * *
The tengu reaver claws you but does no damage.
Casting: Bolt of Magma (safe; 1% risk of failure)
Confirm with . or Enter, or press ? or * to list all spells.
Aiming: Bolt of Magma (safe; 1% risk of failure)
Press: ? - help, Shift-Dir - straight line, f/p - tengu reaver
Aim: a tengu reaver, wielding a +2 vorpal battleaxe and wearing the +7 leather armour of Umoepsask {Regen+ rCorr Str-5 Dex+4} (black smoke, almost dead, extremely poisoned, 54% to hit)
The bolt of magma misses the tengu reaver.
You feel sick.
The tengu reaver points at you and mumbles some strange words.
The bolt of acid hits you!! You resist.
You die...

#.#(.# #......## ########
#...# ##....#.##
#......####.))#####.##..##..
#..###.....###†=...####....#
#.#..###...###.#......##...#
#.#....###.....##...........
#.#.#..#$###......##........
###[#.#.##.§§####.............
#...#.# . #§@Q§###...........
###.#.## #.§§###..###.........
#.#..#...####..#.[###.......
##.##.#.####..#...#..###.....
#..#..####..i.#.#..)#..###...
###.[.####......#...#(..# #...
#..#.###........#.#.. #..# ...
####...(........#Q..#. ##
##...###.....)..#.#.$##


You could see a tengu reaver (extremely poisoned).

Vanquished Creatures
  Nikola (Vaults:1)
  Jorgrun (Spider:1)
  Rupert (D:12)
  Agnes (Spider:1)
  3 sphinxes
  A thorn hunter (Swamp:4)
  A shadow dragon (Vaults:3)
  A tengu reaver (Depths:2)
  A fenstrider witch (Swamp:4)
  A frost giant (Depths:1)
  A fire giant (Depths:1)
  3 emperor scorpions
  14 vault wardens
  4 ghost moths (Spider:4)
  4 orc warlords
  3 ghouls (Swamp:2)
  A spriggan defender (Depths:2)
  A war gargoyle (Vaults:3)
  5 stone giants
  13 ironbound preservers
  15 very ugly things
  12 bunyips
  10 entropy weavers
  2 spark wasps (Spider:4)
  4 dire elephants
  2 ettins
  3 fire dragons (Depths:1)
  3 eleionomae
  A jiangshi (Crypt:1)
  3 rakshasas
  Josephine (D:12)
  4 great orbs of eyes
  31 vault guards
  6 yaktaur captains
  A ghost crab (Swamp:4)
  10 ironbound thunderhulks
  5 ice dragons
  18 hydras
  A spriggan air mage (Swamp:4)
  9 boulder beetles
  2 peacekeepers (Vaults:3)
  2 death knights
  16 centaur warriors
  11 ironbound frosthearts
  3 two-headed ogres
  2 alligators
  Erica (D:10)
  A tengu warrior (Depths:1)
  A vampire mage (Vaults:3)
  9 orc high priests
  4 spriggan berserkers (Swamp:4)
  10 ironbound beastmasters
  9 hell knights
  6 goliath frogs
  6 skeletal warriors
  An iron troll (Depths:2)
  2 spriggan druids (Swamp:4)
  12 bog bodies
  34 deep trolls
  11 wizards
  12 swamp dragons
  A glowing orange brain (Vaults:1)
  3 phantasmal warriors
  4 orc knights
  5 harpies (Vaults:3)
  46 wolf spiders
  13 lindwurms
  Pikel (D:7)
  19 ironbound convokers
  2 necromancers
  A faun (shapeshifter) (D:15)
  19 orb spiders
  2 deep elf pyromancers (D:14)
  2 moths of wrath
  6 will-o-the-wisps
  2 orc sorcerers
  A salamander (shapeshifter) (D:14)
  30 ugly things
  5 manticores
  A salamander (Depths:2)
  13 vault sentinels
  23 elephants
  2 naga magi (D:15)
  Joseph (D:7)
  11 cane toads
  A gargoyle (D:14)
  A torpor snail (Spider:1)
  Maggie (D:10)
  19 demonic crawlers
  9 rime drakes
  7 komodo dragons
  3 freezing wraiths
  A polar bear (Lair:2)
  3 guardian mummies (Crypt:1)
  24 yaktaurs
  A queen bee (shapeshifter) (D:14)
  A wolf spider simulacrum (D:15)
  57 jumping spiders
  4 bloated husks
  7 trolls
  6 tyrant leeches
  17 hornets
  35 slime creatures
  A shadow (D:9)
  47 redbacks
  11 spriggans
  Sigmund (D:4)
  7 wraiths
  3 vampires (Vaults:3)
  A water elemental (Depths:1)
  27 tarantellas
  3 wyverns (Lair:3)
  47 yaks
  A basilisk (D:13)
  16 vampire mosquitoes
  A redback simulacrum (D:15)
  5 wargs
  Edmund (D:5)
  18 swamp worms
  7 water moccasins
  An acid dragon (D:13)
  41 orc warriors
  2 ice beasts
  9 swamp drakes
  3 necrophages
  9 black bears
  5 wolves
  4 ogres
  5 centaurs
  3 lemures (D:7)
  10 bullfrogs
  A gnoll sergeant (D:10)
  A scorpion (D:4)
  6 killer bees (D:10)
  7 wights
  9 electric eels
  3 centaur zombies
  2 lava snakes (Lair:4)
  2 human zombies (Crypt:1)
  7 jellies
  A gnoll shaman (Orc:1)
  39 orc priests
  4 hounds
  3 centaur skeletons
  Jessica (D:2)
  Terence (D:2)
  3 human skeletons (Crypt:1)
  3 iguanas
  23 orc wizards
  5 hell rats (Lair:1)
  A hound skeleton (D:5)
  2 mummies (Crypt:1)
  2 howler monkey zombies
  5 adders
  22 gnolls
  A shadow imp (D:7)
  2 white imps (D:8)
  2 ufetubi (D:5)
  A worm (D:2)
  104 orcs
  9 endoplasms
  11 giant cockroaches
  32 goblins
  10 hobgoblins
  2 jackals (D:1)
  11 quokkas
  3 training dummies (D:13)
  8 ball pythons
  4 bats
  9 frilled lizards
  11 kobolds
  3 rats
  A bush (Depths:1)
1433 creatures vanquished.

Vanquished Creatures (collateral kills)
  11 foxfires
11 creatures vanquished.

Vanquished Creatures (others)
  A fire giant (Vaults:2)
  A water moccasin skeleton (D:6)
  An orc (D:5)
  A demonic plant (D:1)
  1657 foxfires
  23 fungi
  123 plants
  A withered plant (D:9)
1808 creatures vanquished.

Grand Total: 3252 creatures vanquished

Notes
Turn   | Place    | Note
-------+----------+-------------------------------------------
     0 | D:1      | manyhoops the Demigod Fire Elementalist began the quest for
                  | the Orb.
     0 | D:1      | Reached XP level 1. HP: 14/14 MP: 5/5
   476 | D:1      | Reached skill level 3 in Fire Magic
   923 | D:1      | Reached skill level 1 in Conjurations
   923 | D:1      | Reached XP level 2. HP: 19/20 MP: 1/7
  1147 | D:1      | Found Uvogh's Armour Shop.
  1904 | D:2      | Noticed Terence
  1917 | D:2      | Killed Terence
  1918 | D:2      | Reached XP level 3. HP: 20/26 MP: 0/9
  2028 | D:2      | Noticed Jessica
  2033 | D:2      | Killed Jessica
  2056 | D:2      | Reached XP level 4. HP: 24/33 MP: 2/10
  3360 | D:3      | Reached skill level 4 in Fire Magic
  3393 | D:3      | Learned a level 4 spell: Sticky Flame
  3459 | D:3      | Found Dihaw's Weapon Emporium.
  3892 | D:3      | Reached XP level 5. HP: 37/38 MP: 12/12
  4106 | D:4      | Noticed Sigmund
  4535 | D:4      | Learned a level 3 spell: Conjure Flame
  4721 | D:5      | Entered Level 5 of the Dungeon
  4826 | D:5      | Noticed a black bear
  4847 | D:5      | Killed a black bear
  4848 | D:5      | Reached XP level 6. HP: 45/45 MP: 3/13
  5043 | D:5      | Reached skill level 5 in Fire Magic
  5554 | D:5      | Noticed a wraith
  5757 | D:4      | Killed Sigmund
  5758 | D:4      | Reached XP level 7. HP: 50/50 MP: 8/14
  6681 | D:5      | Noticed Edmund
  6703 | D:5      | Killed Edmund
  6704 | D:5      | Reached skill level 5 in Conjurations
  6704 | D:5      | Reached skill level 6 in Fire Magic
  7219 | D:6      | Found the +12 glaive of Prune {vorpal}
  7371 | D:6      | Reached XP level 8. HP: 37/57 MP: 1/15
  7543 | D:6      | Found a glowing drain.
  7567 | Sewer    | Entered a sewer
  7743 | Sewer    | Learned a level 5 spell: Fireball
  8476 | D:7      | Noticed Joseph
  8554 | D:7      | Reached skill level 7 in Fire Magic
  8568 | D:7      | Identified the +11 dagger "Ultimatum" {venom, rF++ Will+++
                  | rCorr Int-2}
  8700 | D:7      | Killed Joseph
  8962 | D:7      | Found the +4 robe of Augmentation {Str+4 Int+4 Dex+4}
  9107 | D:7      | Found a staircase to the Ecumenical Temple.
  9236 | D:7      | Noticed Pikel
  9287 | D:7      | Killed Pikel
  9288 | D:7      | Reached XP level 9. HP: 62/62 MP: 7/19
  9861 | D:8      | Reached skill level 5 in Spellcasting
 10410 | D:8      | Reached skill level 8 in Fire Magic
 10691 | D:8      | Identified the +8 chain mail of Vlad {rCorr Dex+2}
 11610 | D:9      | Learned a level 5 spell: Bolt of Magma
 11760 | D:9      | Reached XP level 10. HP: 69/69 MP: 14/23
 12581 | D:10     | Entered Level 10 of the Dungeon
 12754 | D:10     | You fall into a shaft and drop 3 floors!
 12771 | D:13     | Noticed a manticore
 12772 | D:13     | Noticed a centaur warrior
 12851 | D:13     | Learned a level 3 spell: Inner Flame
 12953 | D:11     | Found a staircase to the Orcish Mines.
 13053 | D:11     | Reached skill level 9 in Fire Magic
 13542 | D:11     | Noticed a two-headed ogre
 13548 | D:11     | Killed a two-headed ogre
 13692 | D:11     | Found a staircase to the Lair.
 13723 | D:11     | Identified the -7 helmet of Wyomp {Fly Will- Dex+9 Slay-6}
 13733 | D:11     | Noticed a two-headed ogre
 13733 | D:11     | Noticed a boulder beetle
 13739 | D:11     | Killed a two-headed ogre
 13746 | D:11     | Killed a boulder beetle
 14366 | D:12     | Noticed Josephine
 14371 | D:12     | Reached skill level 1 in Fighting
 14729 | D:12     | Noticed Rupert
 14747 | D:12     | Reached XP level 11. HP: 79/79 MP: 11/26
 14816 | D:12     | Killed Josephine
 14900 | D:12     | Noticed a skeletal warrior
 14901 | D:12     | Noticed a skeletal warrior
 14902 | D:12     | Noticed a skeletal warrior
 14912 | D:12     | Killed a skeletal warrior
 15370 | D:10     | Noticed Erica
 15374 | D:10     | Killed Erica
 15375 | D:10     | Reached skill level 5 in Fighting
 15406 | D:10     | Noticed Maggie
 15413 | D:10     | Killed Maggie
 15985 | D:10     | Noticed an orange crystal statue
 16590 | D:10     | Noticed a tengu warrior
 16590 | D:10     | Noticed a tengu warrior
 16785 | D:11     | Killed a skeletal warrior
 16912 | D:11     | Learned a level 3 spell: Mephitic Cloud
 16987 | Lair:1   | Entered Level 1 of the Lair of Beasts
 17212 | Lair:1   | Reached skill level 10 in Fire Magic
 17824 | Lair:1   | You fall into a shaft and drop 1 floor!
 18783 | Lair:2   | Found a hole to the Spider Nest.
 18838 | Lair:2   | Noticed a bog body
 19230 | Lair:2   | Killed a bog body
 19396 | Lair:2   | Found a staircase to the Swamp.
 19396 | Lair:2   | Noticed a bog body
 19405 | Lair:2   | Killed a bog body
 19646 | Lair:2   | Reached XP level 12. HP: 97/97 MP: 26/30
 20095 | Lair:3   | Noticed Snorg
 20313 | Lair:3   | Noticed a five-headed hydra
 20319 | Lair:3   | Killed a five-headed hydra
 20320 | Lair:3   | Reached skill level 10 in Conjurations
 20870 | Lair:3   | Reached skill level 11 in Fire Magic
 22871 | Lair:4   | Reached skill level 5 in Stealth
 22950 | Lair:4   | Reached XP level 13. HP: 103/103 MP: 20/31
 23082 | Lair:4   | Learned a level 6 spell: Starburst
 23381 | Lair:4   | Reached skill level 12 in Fire Magic
 24913 | Lair:5   | Found a runed translucent door.
 24913 | Lair:5   | Found a staircase to the Slime Pits.
 25283 | Orc:1    | Entered Level 1 of the Orcish Mines
 25843 | Orc:1    | Found Ugheak's Magic Scroll Boutique.
 25853 | Orc:1    | Bought a scroll of blinking for 97 gold pieces
 25853 | Orc:1    | Bought a scroll of acquirement for 676 gold pieces
 26226 | Orc:1    | Bought a scroll of enchant armour for 97 gold pieces
 26226 | Orc:1    | Bought a scroll of enchant armour for 97 gold pieces
 26372 | Orc:1    | Acquired the +2 cloak of the Thief {*Fog Slay-2 SInv
                  | Stlth+}
 26372 | Orc:1    | Found the +2 cloak of the Thief {*Fog Slay-2 SInv Stlth+}
 26397 | Orc:2    | Entered Level 2 of the Orcish Mines
 26417 | Orc:2    | Noticed an orc warlord
 26421 | Orc:2    | Reached skill level 1 in Armour
 26443 | Orc:1    | Killed an orc warlord
 27896 | Orc:2    | Found a staircase to the Elven Halls.
 28254 | Orc:1    | Bought a scroll of identify for 26 gold pieces
 28254 | Orc:1    | Bought a scroll of identify for 26 gold pieces
 28254 | Orc:1    | Bought a scroll of identify for 26 gold pieces
 29082 | Orc:2    | Found Omoheuth's Armour Boutique.
 29082 | Orc:2    | Found Gotzade's Antique Armour Shoppe.
 29244 | Orc:2    | Found Exithicw's Assorted Antiques.
 29244 | Orc:2    | Found Cidyemm's Distillery.
 29250 | Orc:2    | Bought a scroll of immolation for 126 gold pieces
 29259 | Orc:2    | Bought a potion of brilliance for 44 gold pieces
 29259 | Orc:2    | Bought a potion of brilliance for 44 gold pieces
 29578 | D:12     | Killed Rupert
 29579 | D:12     | Reached skill level 13 in Fire Magic
 30434 | D:12     | Reached XP level 14. HP: 111/111 MP: 19/32
 30843 | D:13     | Found Meurghua's Firing Range.
 31091 | D:13     | Learned a level 2 spell: Passwall
 31847 | D:14     | Reached skill level 1 in Short Blades
 32158 | D:14     | Found a flagged portal.
 32177 | Bailey   | Entered a bailey
 32703 | Bailey   | Noticed an orc warlord
 32726 | Bailey   | Killed an orc warlord
 33170 | Bailey   | Identified an amulet of the Raven {Spirit Will++ Int+4
                  | Slay+3}
 33197 | Bailey   | Acquired the ring "Xaimuuk" {rPois rN++ Str-5 Int+4 Dex+2}
 34445 | D:14     | Found a gate to the Vaults.
 34457 | D:14     | Acquired 1072 gold pieces
 34463 | D:14     | Reached XP level 15. HP: 125/125 MP: 33/33
 34464 | D:14     | Reached XP level 16. HP: 132/132 MP: 34/34
 34683 | D:15     | Entered Level 15 of the Dungeon
 34811 | D:15     | Found Ceutahou's Antique Weapon Emporium.
 35111 | D:15     | Reached skill level 14 in Fire Magic
 35328 | D:15     | Found a staircase to the Depths.
 35720 | Swamp:1  | Entered Level 1 of the Swamp
 36689 | Swamp:1  | Reached skill level 10 in Spellcasting
 38034 | Swamp:2  | Reached XP level 17. HP: 139/139 MP: 25/37
 39237 | Swamp:4  | Entered Level 4 of the Swamp
 41196 | Swamp:4  | Reached skill level 15 in Fire Magic
 42722 | Swamp:4  | Reached skill level 15 in Conjurations
 43231 | Swamp:4  | Got a decaying rune of Zot
 43498 | Spider:1 | Entered Level 1 of the Spider Nest
 44121 | Spider:1 | Reached skill level 16 in Fire Magic
 44683 | Spider:1 | Noticed Jorgrun
 45101 | Spider:1 | Killed Jorgrun
 45521 | Spider:2 | Noticed Agnes
 45530 | Spider:1 | Killed Agnes
 45531 | Spider:1 | Reached XP level 18. HP: 91/147 MP: 4/39
 48931 | Spider:3 | Reached skill level 17 in Fire Magic
 49824 | Spider:4 | Entered Level 4 of the Spider Nest
 51217 | Spider:4 | Learned a level 1 spell: Apportation
 52009 | Spider:4 | Identified the ring "Banolou" {Drain rN+ Will+ Str+5}
 53065 | Spider:4 | Got a gossamer rune of Zot
 53935 | Spider:3 | Identified the +6 flail of Xoske Giog {vorpal, Will+ MP+9}
 54241 | Vaults:1 | Entered Level 1 of the Vaults
 54551 | Vaults:1 | Found a portal to a secret trove of treasure.
 54818 | Vaults:1 | Reached skill level 5 in Dodging
 54818 | Vaults:1 | Reached XP level 19. HP: 154/154 MP: 41/41
 55191 | Vaults:1 | Learned a level 5 spell: Irradiate
 55923 | Vaults:1 | Noticed Nikola
 56074 | Vaults:1 | Killed Nikola
 56508 | Vaults:1 | Reached skill level 5 in Armour
 57552 | Vaults:2 | Noticed Xtahua
 61849 | Vaults:2 | Reached XP level 20. HP: 92/161 MP: 30/43
 62776 | Vaults:3 | Reached skill level 18 in Fire Magic
 62906 | Vaults:3 | Found a staircase to the Crypt.
 62916 | Crypt:1  | Entered Level 1 of the Crypt
 64625 | Vaults:3 | Reached skill level 10 in Stealth
 65356 | Vaults:3 | Found a runed translucent gate.
 65356 | Vaults:3 | Found a runed translucent gate.
 65356 | Vaults:3 | Found a runed translucent gate.
 65356 | Vaults:3 | Noticed SlowGraham's ghost (legendary KoMo)
 68280 | Vaults:4 | Reached skill level 10 in Fighting
 68762 | Vaults:5 | Entered Level 5 of the Vaults
 68779 | Vaults:5 | Reached XP level 21. HP: 143/170 MP: 44/44
 69299 | Depths:1 | Entered Level 1 of the Depths
 69729 | Depths:1 | Found a gateway to Hell.
 70348 | Depths:1 | Learned a level 3 spell: Swiftness
 70892 | Depths:2 | Learned a level 2 spell: Blink
 71611 | Depths:1 | Found a one-way gate to the infinite horrors of the Abyss.
 71862 | Depths:2 | Reached skill level 1 in Earth Magic
 72081 | Depths:2 | Acquired 1145 gold pieces
 72291 | Depths:2 | Identified the +7 leather armour of Umoepsask {Regen+ rCorr
                  | Str-5 Dex+4}
 72314 | Depths:2 | Killed from afar by a tengu reaver

Illustrated notes

Levels and vault maps discovered:
D:1:      dpeg_arrival_round_c, layout_basic,
          dreamdust_ecumenical_altar_sealed_demon, serial_shops,
          nicolae_shop_competitors_out_of_business, minmay_pentomino_t4
D:2:      layout_basic, serial_rivers, chequers_serial_rivers_large_a,
          chequers_serial_rivers_room_b, chequers_serial_rivers_large_b,
          chequers_serial_rivers_micro_e, chequers_serial_rivers_micro_a,
          chequers_serial_rivers_small_a, grunt_decor_cap, uniq_jessica,
          uniq_terence
D:3:      layout_loops_corners, mainiacjoe_overflow_tiny_flanked,
          nicolae_uskayaw_murder_on_the_dancefloor, jmf_multi_god_temple,
          serial_shops, shop
D:4:      layout_basic, kennysheep_okawaru_gauntlet, uniq_sigmund
D:5:      layout_loops_ring, zin_academy, beargit_hepliaklqana_dungeon_heroes
D:6:      layout_basic, nicolae_ru_the_path_less_chosen, portal_sewer_entry_f,
          lemuel_flame_loot_1
D:7:      layout_loops_ring, old_standard_altar, lemuel_crystal_altar,
          minmay_temple_entry_poolview, serial_bayou_pond_a, uniq_pikel,
          uniq_joseph
D:8:      layout_layer_cave, kennysheep_generic_room_6
D:9:      layout_rooms, yredelemnul_altar_generic, kennysheep_mini_moat,
          serial_glass, glass_columns_b, glass_columns_b
D:10:     layout_layer_cave, nemelex_diamond_rough_becter, minmay_statue_bubble,
          uniq_erica, uniq_maggie
D:11:     layout_long_grid, lair_entry_dummy, david_orc_1_choice,
          kennysheep_flooded_box, kennysheep_nub
D:12:     layout_basic, uniq_josephine, uniq_rupert
D:13:     layout_loops_ring, nicolae_shop_firing_range
D:14:     layout_long_grid, david_vaults_4, enter_bailey_5
D:15:     grunt_enter_depths_magical_seal, layout_rooms, serial_shops, shop,
          minmay_unpleasant_kobolds
Lair:1:   layout_roguey, beast_lair_carwin_1, grunt_megastairs_4
Lair:2:   layout_gridlike, nicolae_swamp_entry_splash_gauntlet,
          spider_nest_entry_web_field, serial_bayou_shore_a
Lair:3:   layout_roguey, fungi_pond_lemuel, uniq_snorg
Lair:4:   cheibrodos_lair_overgrown_chateau, layout_gridlike, minivault_27,
          grunt_megastairs_2, lemuel_fruit_fields, lemuel_fruit_tree
Lair:5:   layout_gridlike, slime_altar_2, minmay_lair_drake_nest,
          grunt_megastairs_1
Swamp:1:  layout_basic_swamp, nicolae_swamp_fairy_circle, swamp_pool5,
          nicolae_swamp_bunyip_nook, infiniplex_staircase_pool_2
Swamp:2:  layout_falls_marsh, evilmike_swamp_ruin_house_6
Swamp:3:  layout_falls_marsh, evilmike_swamp_ruin_rubble_2
Swamp:4:  swamp_basic_johnstein, layout_basic_swamp
Spider:1: layout_spider_delve, portal_ice_cave_entry_pillars_2, uniq_jorgrun
Spider:2: nicolae_spider_jumping_over_cracks [nicolae_spider_jumping_sub_empty,
          nicolae_spider_jumping_sub_stairs, nicolae_spider_jumping_sub_plain,
          nicolae_spider_jumping_sub_no_exit], nicolae_spider_jagged_tunnels,
          uniq_agnes
Spider:3: nicolae_spider_hilbert_zone_6 [nicolae_spider_hilbert_4_sides_1_open,
          nicolae_spider_hilbert_4_sides_1_open,
          nicolae_spider_hilbert_4_sides_1_open,
          nicolae_spider_hilbert_4_sides_1_open,
          nicolae_spider_hilbert_4_sides_1_open,
          nicolae_spider_hilbert_4_sides_1_open,
          nicolae_spider_hilbert_4_sides_1_open]
Spider:4: grunt_spider_rune_island, drop_trap
Orc:1:    layout_caves, serial_shops, nicolae_shop_stone
Orc:2:    st_orc_town, layout_caves, statue_in_the_mist_lemuel,
          nicolae_orc_rockfall
Vaults:1: nicolae_vaults_network_barrier, nicolae_vaults_network_s,
          ontoclasm_vaults_hangar, ontoclasm_vaults_twist,
          nicolae_vaults_mini_display_case, v_alt_pattern_6,
          nicolae_vaults_ninety_degrees, layout_vaults_omnigrid,
          nicolae_trove_entry_diagonal, uniq_nikola
Vaults:2: ontoclasm_vaults_chip, hangedman_vaults_trim, hangedman_vaults_corner,
          hangedman_vaults_stream, hangedman_vaults_slither,
          nicolae_vaults_theta, ontoclasm_vaults_shout,
          vaults_dpeg_encased_lava, nicolae_vaults_network_star,
          vaults_mumra_chevron, vaults_room_pool,
          nicolae_vaults_little_squares_4, layout_vaults_omnibox, uniq_xtahua
Vaults:3: gammafunk_vaults_ghost_spectres, minmay_crypt_entry_vampire_xt,
          v_misc_13, hangedman_vaults_pinch, v_misc_14,
          vaults_room_stairs_pillars, v_pattern_3, v_misc_22, v_misc_12,
          vaults_mumra_hex, hangedman_vaults_stretched_pinwheel,
          hangedman_vaults_stagger, grunt_vaults_trifunnel, vaults_room_pools,
          layout_vaults_maze_snakey
Vaults:4: nicolae_vaults_little_ls, nicolae_vaults_windows_and_doors_thing,
          nicolae_vaults_little_squares_4, v_pattern_2,
          nicolae_vaults_border_crossing, nicolae_vaults_angled_halls,
          v_misc_11, ontoclasm_vaults_ligature, hangedman_vaults_cutoff,
          vaults_room_fours, layout_vaults_big_room
Vaults:5: serial_shops, uniq_boris
Crypt:1:  layout_misc_corridors, grunt_crypt_arrival_guarded_gate,
          grunt_megastairs_3
Depths:1: layout_roguey, abyss_entry_flame_altar, solitary_fountain,
          grunt_metal_band, kennysheep_small_spiral, minivault_16,
          kennysheep_boxes
Depths:2: minmay_the_grid_triangle_9x9_rhombus_thin
          [minmay_the_grid_triangle_9x9_sparse_checkered,
          minmay_the_grid_triangle_9x9_prize_insulated,
          minmay_the_grid_triangle_9x9_corrupted_corridor,
          minmay_the_grid_triangle_9x9_empty], layout_cave_shapes,
          grunt_decor_junction, pf_vacation_house_of_asmodeus, minivault_12,
          infiniplex_staircase_zigzag_5, firewood_loft

Skill      XL: |  1  2  3  4  5  6  7  8  9 10 11 12 13 14 15 16 17 18 19 20 21 |
---------------+----------------------------------------------------------------+-----
Fire Magic     | 3 4 5 6 7 8 9 10 11 13 14 16 17 18 | 18.3
Spellcasting   | 2 3 4 6 7 9 10 11 12 13 | 13.5
Conjurations   | 1 2 3 4 5 6 8 9 11 13 15 16 17 | 17.7
Shields        | 4 |  4.0
Fighting       | 1 6 9 10 12 | 12.0
Stealth        | 5 8 13 | 13.1
Armour         | 2 8 9 |  9.2
Dodging        | 3 5 7 8 |  8.6
Short Blades   | 2 4 |  4.0
Earth Magic    | 2 |  2.0

Action                   |  1- 3 |  4- 6 |  7- 9 | 10-12 | 13-15 | 16-18 | 19-21 || total
-------------------------+-------+-------+-------+-------+-------+-------+-------++-------
Melee: Unarmed           |     6 |       |       |       |       |       |       ||     6
       Dagger            |     7 |     8 |    22 |   178 |   253 |   210 |    69 ||   747
       Whip              |       |    29 |    37 |       |       |       |       ||    66
       Flail             |       |       |       |       |       |       |     3 ||     3
Throw: Throwing net      |       |     1 |       |     2 |       |       |       ||     3
 Cast: Foxfire           |    77 |   146 |   205 |   199 |   179 |   172 |     5 ||   983
       Conjure Flame     |       |    11 |    11 |     5 |     3 |     3 |       ||    33
       Sticky Flame      |       |       |    30 |    74 |    39 |   101 |    24 ||   268
       Fireball          |       |       |     4 |    41 |    90 |   315 |   289 ||   739
       Bolt of Magma     |       |       |     1 |    64 |    53 |   137 |   325 ||   580
       Inner Flame       |       |       |       |     1 |    13 |     2 |    19 ||    35
       Starburst         |       |       |       |       |    19 |    43 |    30 ||    92
       Irradiate         |       |       |       |       |       |       |     2 ||     2
Evoke: Wand              |       |       |       |     1 |       |       |       ||     1
  Use: Scroll            |       |     7 |     6 |    10 |    14 |    10 |    10 ||    57
       Potion            |       |       |       |     6 |    10 |     5 |     6 ||    27
 Stab: Sleeping          |       |     6 |       |       |     6 |     3 |     6 ||    21
       Distracted        |       |       |       |       |     1 |       |       ||     1
Armor: Robe              |     7 |    14 |    32 |    95 |    92 |   243 |    76 ||   559
       Skin              |       |       |       |       |     1 |       |       ||     1
Dodge: Dodged            |    30 |    28 |    84 |   203 |   158 |   494 |   185 ||  1182
Block: Buckler           |       |       |    10 |    57 |    76 |   178 |    65 ||   386
